Map: 16-Bit LE

Players

Snute - Winner!

  • Race: Zerg Zerg
  • Spawn Location: 1:00

Mackintac

  • Race: Zerg Zerg
  • Spawn Location: 7:00

Event: WCS Austin 2018

VOD

Have the link to the VOD?

Description

Time

  • Played on: June 1, 2018, 3:11 p.m.
  • Length: 7:24

All games in this series

Show
View Real Time Build Order
Export as new Build Order

Snute Zerg - Winner!

Build Orders: Hatch First 

Get SALT Encoding   

  12  0:00  Drone  
  13  0:12  Overlord  
  13  0:17  Drone  
  14  0:30  Drone  
  14  0:31  Drone  
  14  0:34  Drone  
  17  0:53  Hatchery  
  17  0:55  Drone  
  17  0:58  Drone  
  17  1:00  Extractor  
  17  1:14  Spawning Pool  
  17  1:18  Drone  
  17  1:20  Drone  
  18  1:28  Drone  
  19  1:39  Overlord  
  19  1:49  Drone  
  20  2:01  Queen, Metabolic Boost  
  22  2:04  Queen  
  22  2:07  Drone  
  25  2:10  Drone  
  25  2:13  Drone  
  27  2:19  Drone  
  28  2:23  Drone  
  28  2:28  Drone  
  30  2:32  Drone  
  31  2:39  Hatchery  
  31  2:42  Zergling x2  
  31  2:44  Zergling x2  
  32  2:47  Overlord  
  32  2:53  Zergling x2  
  33  2:58  Zergling x2  
  34  3:06  Zergling x2  
  34  3:07  Queen  
  34  3:09  Drone x3  
  34  3:11  Drone  
  41  3:14  Overlord  
  41  3:19  Drone x2  
  44  3:20  Drone  
  44  3:25  Overlord  
  44  3:31  Overlord  
  44  3:36  Drone  
  44  3:42  Drone x3  
  44  3:43  Drone  
  44  3:44  Drone x2  
  44  3:45  Drone  
  49  3:49  Zergling x2  
  49  3:52  Queen  
  49  3:53  Zergling x4  
  53  4:00  Zergling x2  
  53  4:02  Zergling x2  
  54  4:05  Zergling x2  
  54  4:09  Drone  
  56  4:13  Lair, Drone  
  56  4:15  Drone  
  56  4:16  Extractor x2  
  56  4:18  Evolution Chamber  
  56  4:21  Drone x3  
  56  4:22  Drone  
  56  4:23  Drone, Roach Warren  
  59  4:26  Drone  
  59  4:27  Drone x2  
  59  4:30  Drone  
  63  4:32  Drone  
  63  4:34  Drone  
  66  4:38  Drone  
  66  4:44  Overlord  
  66  4:45  Zerg Missile Weapons Level 1  
  66  4:46  Drone  
  66  4:49  Overlord  
  66  4:50  Overlord x2  
  66  4:53  Drone x2  
  68  5:00  Drone x4  
  68  5:04  Drone, Extractor  
  68  5:06  Extractor  
  70  5:07  Drone  
  70  5:11  Drone, Glial Reconstitution  
  71  5:15  Drone  
  72  5:22  Roach x4  
  72  5:26  Roach  
  80  5:35  Roach x4  
  88  5:36  Overlord  
  87  5:46  Roach x5  
  87  5:47  Overlord  
  97  5:52  Roach x3  
  97  5:54  Hatchery  
  102  5:58  Roach x2  
  106  6:04  Roach x3  
  106  6:05  Roach  
  114  6:15  Drone x3  
  114  6:16  Roach x3  
  114  6:18  Overlord x2  
  122  6:23  Overlord  
  122  6:30  Overlord  
  122  6:35  Extractor  
  122  6:38  Drone x4  
  125  6:44  Evolution Chamber  
  125  6:46  Drone  
  125  6:50  Roach  
  125  6:51  Roach x6  
  125  6:53  Overlord  
  139  6:57  Ravager x2  
  139  7:03  Roach x5  
Show
View Real Time Build Order
Export as new Build Order

Mackintac Zerg 

Build Orders: Hatch First 

Get SALT Encoding   

  12  0:03  Drone  
  13  0:13  Overlord  
  13  0:18  Drone  
  14  0:31  Drone x2  
  17  0:35  Drone  
  17  0:54  Hatchery  
  16  0:57  Drone  
  16  1:02  Drone  
  16  1:04  Extractor  
  17  1:18  Spawning Pool, Drone  
  16  1:22  Drone  
  18  1:30  Drone  
  19  1:43  Overlord  
  19  1:57  Drone  
  20  2:02  Drone  
  20  2:07  Queen  
  23  2:09  Queen, Zergling x2  
  23  2:11  Metabolic Boost  
  23  2:15  Drone  
  27  2:19  Drone  
  28  2:24  Drone  
  28  2:29  Drone  
  30  2:38  Hatchery  
  30  2:42  Drone  
  30  2:48  Queen  
  33  2:51  Drone  
  33  2:59  Baneling Nest  
  32  3:09  Overlord  
  32  3:10  Zergling x2  
  32  3:12  Zergling x2  
  34  3:14  Drone x2  
  35  3:27  Zergling x2  
  35  3:28  Zergling x2  
  35  3:29  Drone x3  
  35  3:51  Drone x2  
  35  3:52  Drone x4  
  35  3:54  Extractor  
  40  3:55  Lair  
  40  3:56  Extractor  
  40  3:59  Drone x2  
  40  4:04  Roach Warren  
  40  4:05  Evolution Chamber  
  40  4:06  Drone  
  40  4:07  Overlord  
  39  4:13  Overlord  
  39  4:15  Drone  
  40  4:21  Overlord  
  40  4:30  Drone  
  41  4:34  Drone x2  
  41  4:35  Extractor  
  41  4:36  Zerg Missile Weapons Level 1  
  42  4:38  Drone  
  42  4:39  Drone x3  
  42  4:40  Drone  
  42  4:42  Drone  
  42  4:44  Drone  
  49  4:51  Zergling x2  
  49  4:52  Zergling x2  
  49  4:56  Zergling x2  
  49  4:57  Zergling x4  
  48  5:09  Queen  
  48  5:14  Drone x3, Glial Reconstitution  
  48  5:22  Drone x3  
  48  5:24  Drone  
  52  5:33  Queen  
  53  5:36  Overlord  
  53  5:44  Drone x2  
  53  5:48  Overlord x2  
  53  5:49  Roach  
  57  5:56  Roach x3  
  63  5:59  Roach  
  65  6:04  Overlord  
  65  6:10  Drone  
  65  6:11  Drone  
  64  6:12  Drone  
  64  6:13  Roach x3  
  64  6:17  Drone  
  71  6:20  Drone x3  
  71  6:22  Extractor  
  73  6:27  Spine Crawler  
  73  6:28  Roach x2  
  76  6:36  Drone x2  
  76  6:38  Roach x2  
  82  6:40  Overseer  
  82  6:42  Overlord  
  82  6:43  Drone  
  82  6:44  Drone  
  84  6:47  Drone  
  84  6:50  Roach x2  
Tags
 
Add a new tag
Caveats
  • Supply blocks, unpowered buildings, or Contaminate may cause inaccurate times.
  • Supply counts are checked every 10 seconds.